 Dungeon Crawl Stone Soup version 0.14-a0-1739-g6c2808e (webtiles) character file.

1644 Mitsuki the Poker (level 9, 0/57 HPs)
             Began as a Formicid Fighter on Jan 3, 2014.
             Was an Initiate of Okawaru.
             Slain by an orc warrior
             ... wielding a +0,+0 orcish flail
              (13 damage)
             ... on Level 7 of the Dungeon.
             The game lasted 00:33:39 (5363 turns).

Mitsuki the Poker (Formicid Fighter)                Turns: 5363, Time: 00:33:39

HP   0/57        AC 10     Str 25      XL: 9   Next:  8%
MP   9/9         EV 13     Int  9      God: Okawaru [......]
Gold 384         SH 22     Dex 15      Spells:  0 memorised,  8 levels left

rFire  + + .     SeeInvis +     m - +0,+2 orc trident
rCold  + + .     Clarity  .     g - +1 ring mail {rF+}
rNeg   . . .     Conserve .     c - +0 shield
rPois  .         rCorr    .     (helmet unavailable)
rElec  +         rRot     .     y - +0 cloak
SustAb . .       Spirit   .     e - +0 pair of elf gloves
rMut   .         Warding  .     (no boots)
Saprov . . .     Stasis   +     (no amulet)
                                (no ring)
                                (no ring)

@: agile, somewhat resistant to hostile enchantments, fairly stealthy
A: permanent stasis, dig shafts and tunnels, four strong arms, poison weakness,
antennae 3, clever 1, cold resistance 1, slow metabolism 1, exoskeleton 1
a: Dig, Shaft Self, Renounce Religion


You were on level 7 of the Dungeon.
You worshipped Okawaru.
Okawaru was noncommittal.
You were hungry.

You visited 1 branch of the dungeon, and saw 7 of its levels.
You also visited: Sewer.

You collected 384 gold pieces.

Inventory:

Hand weapons
 m - a +0,+2 orcish trident (weapon)
Armour
 c - a +0 shield (worn)
 e - a +0 pair of elven gloves (worn)
 g - a +1 ring mail of fire resistance (worn)
 y - a +0 cloak (worn)
Magical devices
 a - a wand of flame (0)
 p - a wand of paralysis (7)
Comestibles
 d - 4 bread rations
 h - an apple
 n - a lemon
 t - a meat ration
 x - 2 rotting chunks of hobgoblin flesh
 A - a rotting chunk of giant cockroach flesh
 C - a rambutan
 D - 3 pears
 E - a chunk of bat flesh
Scrolls
 b - 6 scrolls of identify
 f - a scroll of enchant armour {unknown}
 i - 2 scrolls of remove curse
 k - 3 scrolls of teleportation {unknown}
 l - 3 scrolls of immolation {unknown}
 o - a scroll of magic mapping
 q - 2 scrolls of curse jewellery {unknown}
 u - a scroll of noise {unknown}
 v - a scroll of enchant weapon I {unknown}
 w - a scroll of enchant weapon II {unknown}
Potions
 j - 4 potions of curing
 B - a potion of paralysis


   Skills:
 - Level 4.5 Fighting
 * Level 6.5 Polearms
 + Level 6.2 Armour
 - Level 1.3 Stealth
 + Level 6.2 Shields
 - Level 0.2 Evocations


You had 8 spell levels left.
You didn't know any spells.

Dungeon Overview and Level Annotations

Branches:
Dungeon (7/16)
 Temple: D:4-7

Altars:
Cheibriados
Okawaru

Shops:
D:4 %


Innate Abilities, Weirdness & Mutations

Your are under a permanent stasis effect.
You can dig through walls and to a lower floor.
Your four strong arms can wield any weapon, most with a shield.
You are susceptible to poison.
You have a pair of large antennae on your head (SInv).
Your body is surrounded by an exoskeleton. (HP +5, AC +1)
Your mind is acute. (Int +2)
Your flesh is cold resistant.
You have a slow metabolism.


Message History

You hit the orc warrior.
The orc warrior is lightly wounded.
The orc warrior unwields an uncursed orcish mace.
The orc warrior drops an uncursed orcish mace.
The orc warrior picks up an orcish flail.
The orc warrior wields an orcish flail.
You puncture the orc warrior!
The orc warrior is moderately wounded.
The orc warrior barely misses you.
You hit the orc warrior but do no damage.
The orc warrior is moderately wounded.
You hit the orc warrior but do no damage.
The orc warrior is moderately wounded.
The orc warrior hits you with an orcish flail.
* * * LOW HITPOINT WARNING * * *
An orc comes into view. It is wielding an orcish club.
You hit the orc warrior but do no damage.
The orc warrior is moderately wounded.
The orc warrior hits you with an orcish flail!
You die...

.# ...#
#....#
#..o.###
#.....#
#....####
#...#@.#
#o..o..#
#.......#
###...###
##### {{
{


You could see an orc warrior and an orc.

Vanquished Creatures
  The ghost of Restia the Slasher, an average DsBe of Trog (Sewer)
  The ghost of Mitsuki the Covered, an average FoFi (D:3)
  An ogre (D:5)
  A sky beast (D:3)
  A big kobold (Sewer)
  A hippogriff skeleton (D:5)
  2 hounds
  A scorpion (D:4)
  2 crimson imps (D:5)
  A big fish (Sewer)
  A centaur skeleton (D:5)
  A worker ant (D:4)
  2 orc wizards
  8 adders
  5 gnolls
  5 giant mites
  A green rat (Sewer)
  An inept item mimic (Sewer)
  4 worms
  An adder skeleton (D:6)
  3 grey rats (Sewer)
  A giant eyeball (D:4)
  6 giant geckos
  An ooze (D:1)
  12 orcs
  13 bats
  A bat skeleton (D:4)
  8 giant cockroaches
  14 hobgoblins
  10 jackals
  4 quokkas
  A ball python (D:4)
  3 giant newts
  9 goblins
  A hobgoblin zombie (D:5)
  15 kobolds
  12 rats
  A rat skeleton (D:5)
156 creatures vanquished.

Notes
Turn   | Place    | Note
--------------------------------------------------------------
     0 | D:1      | Mitsuki, the Formicid Fighter, began the quest for the Orb.
     0 | D:1      | Reached XP level 1. HP: 19/19 MP: 1/1
    23 | D:1      | Reached XP level 2. HP: 20/24 MP: 2/2
   136 | D:1      | Reached XP level 3. HP: 14/28 MP: 3/3
   400 | D:1      | Reached skill level 4 in Armour
   475 | D:1      | Reached XP level 4. HP: 27/33 MP: 4/4
  1451 | D:2      | Reached XP level 5. HP: 37/37 MP: 5/5
  1753 | D:3      | Noticed Mitsuki's ghost (average FoFi)
  1766 | D:3      | Gained mutation: Your flesh is cold resistant. [potion of mutation]
  1766 | D:3      | Gained mutation: Your mind is acute. (Int +2) [potion of mutation]
  1787 | D:3      | Killed Mitsuki's ghost
  1787 | D:3      | Reached skill level 5 in Armour
  1787 | D:3      | Reached XP level 6. HP: 20/43 MP: 6/6
  2205 | D:3      | Noticed a sky beast
  2219 | D:3      | Killed a sky beast
  2219 | D:3      | Reached skill level 5 in Shields
  2219 | D:3      | Reached XP level 7. HP: 31/48 MP: 7/7
  2353 | D:3      | Found a glowing drain.
  2444 | Sewer    | Entered a sewer
  2668 | Sewer    | Noticed Restia's ghost (average DsBe)
  2702 | Sewer    | Killed Restia's ghost
  2702 | Sewer    | Reached skill level 1 in Stealth
  2702 | Sewer    | Reached XP level 8. HP: 48/48 MP: 8/8
  2949 | Sewer    | Found a white marble altar of Elyvilon.
  3659 | D:4      | Found Bruxekk's Food Boutique.
  3938 | D:4      | Found a snail-covered altar of Cheibriados.
  4005 | D:4      | Gained mutation: You have a slow metabolism. [potion of beneficial mutation]
  4138 | D:4      | Reached skill level 5 in Polearms
  4307 | D:4      | Reached skill level 6 in Shields
  4387 | D:5      | Entered Level 5 of the Dungeon
  4879 | D:5      | Reached XP level 9. HP: 46/57 MP: 9/9
  5203 | D:6      | Found an iron altar of Okawaru.
  5220 | D:6      | Became a worshipper of Warmaster Okawaru
  5348 | D:6      | You fall through a shaft!
  5363 | D:7      | Slain by an orc warrior

Action                   |  1- 3 |  4- 6 |  7- 9 || total
-------------------------+-------+-------+-------++-------
Melee: Trident           |    59 |   240 |   406 ||   705
 Abil: Dig               |       |       |    28 ||    28
       Shaft Self        |       |       |     1 ||     1
Evoke: Wand              |       |       |    15 ||    15
  Use: Potion            |       |     7 |     7 ||    14
       Scroll            |       |       |     2 ||     2
